 Dungeon Crawl Stone Soup version 0.20-a0-1116-gaa52201 (webtiles) character file.

102 FastMan the Chopper (level 4, 0/41 HPs)
             Began as a Minotaur Berserker on May 7, 2017.
             Was a Believer of Trog.
             Slain by an orc priest
             ... wielding a +0 morningstar
              (12 damage)
             ... on level 4 of the Dungeon.
             The game lasted 00:01:23 (1966 turns).

FastMan the Chopper (Minotaur Berserker)            Turns: 1966, Time: 00:01:24

Health: 0/41       AC:  2    Str: 23    XL:     4   Next: 49%
Magic:  3/3        EV: 12    Int:  4    God:    Trog [**....]
Gold:   166        SH:  0    Dex:  9    Spells: 3/3 levels left

rFire    . . .     SeeInvis .   a - +0 hand axe
rCold    . . .     Gourm    .   (no shield)
rNeg     . . .     Faith    .   b - +0 animal skin
rPois    .         Spirit   .   (helmet restricted)
rElec    .         Reflect  .   (no cloak)
rCorr    .         Harm     .   (no gloves)
MR       .....                  (no boots)
Stlth    +.........             (no amulet)
Regen    0.2/turn               (no ring)
MPRegen  0.1/turn               (no ring)

@: no status effects
A: retaliatory headbutt, horns 2
a: Berserk, Trog's Hand, Burn Spellbooks, Renounce Religion


You were on level 4 of the Dungeon.
You worshipped Trog.
Trog was pleased with you.
You were not hungry.

You visited 1 branch of the dungeon, and saw 4 of its levels.

You collected 166 gold pieces.

Inventory:

Hand Weapons
 a - a +0 hand axe (weapon)
Armour
 b - a +0 animal skin (worn)
Jewellery
 e - an uncursed ring of magical power {unknown}
 i - an uncursed ring of magical power {unknown}
Scrolls
 d - a scroll of enchant weapon
Comestibles
 c - 2 bread rations {@e1}
 h - a royal jelly {@e3}


   Skills:
 + Level 4.7 Fighting
 * Level 5.6 Axes
 - Level 2.4 Armour
 - Level 2.1 Dodging


You had 3 spell levels left.
You didn't know any spells.

Dungeon Overview and Level Annotations

Branches:
Dungeon (4/15)
 Temple: D:4-7

Altars:
Cheibriados


Innate Abilities, Weirdness & Mutations

You reflexively headbutt those who attack you in melee.
You have a pair of horns on your head.


Message History

You hit the orc but do no damage. The orc hits you with a dagger.
The centaur shoots an arrow.
The arrow misses you.
The orc wizard gestures at you while chanting.
The magic dart hits you!
The centaur shoots an arrow.
The arrow hits you. The orc closely misses you.
The orc priest hits you but does no damage.
The orc wizard barely misses you. You furiously retaliate!
You headbutt the orc wizard!
You see here an arrow.
Wield which item (- for none, * to show all)? (? for menu, Esc to quit)
Okay, then.
Okay, then.
The centaur shoots an arrow.
The arrow barely misses you.
The orc priest hits you with a morningstar.
* * * LOW HITPOINT WARNING * * *
You see here an arrow.
You eat one of the 3 bread rations {@e1}.
That bread ration really hit the spot!
The orc priest hits you with a morningstar!
You die...

#..##.#. ###...[..
#...... #........ ......
#.#.###.. .....
#.#.#.... #.#.## #
#.....#.. #.c..#.#
#.#...... #....#.#
#.#)..... #..Soo.#
#.......# ##.o@###
#.##.#..#
#..(########.......#
#...##........(.....
#####...##.#####.##.###.
...............#.##.###.
...............#.##.##..
...............#.##.##<.
#####...##.##...........
#............##.###.


You could see a centaur, an orc priest, an orc wizard, an adder and an orc.

Vanquished Creatures
  A worker ant (D:4)
  2 adders (D:2)
  2 oozes
  A dart slug (D:1)
  2 leopard geckos (D:3)
  4 orcs
  A ball python (D:3)
  4 bats
  A giant cockroach (D:4)
  4 goblins (D:1)
  3 hobgoblins (D:1)
  6 jackals
  A frilled lizard (D:3)
  5 kobolds
  5 rats
42 creatures vanquished.

Notes
Turn   | Place    | Note
-------+----------+-------------------------------------------
     0 | D:1      | FastMan the Minotaur Berserker began the quest for the Orb.
     0 | D:1      | Reached XP level 1. HP: 19/19 MP: 0/0
    55 | D:1      | Reached skill level 4 in Axes
    61 | D:1      | Reached XP level 2. HP: 26/26 MP: 1/1
   615 | D:1      | Reached XP level 3. HP: 30/33 MP: 2/2
   708 | D:2      | Reached skill level 5 in Axes
   744 | D:2      | Found a snail-covered altar of Cheibriados.
  1195 | D:2      | You fall through a shaft for 2 floors!
  1214 | D:4      | Reached ** piety under Trog
  1376 | D:3      | Reached XP level 4. HP: 22/41 MP: 3/3
  1961 | D:4      | Noticed a centaur
  1966 | D:4      | Slain by an orc priest

Vault maps used:
D:1:      ncdulo_halloftheorcs
D:2:      lemuel_crystal_altar, ashenzari_conservatory_becter,
          lemuel_crystal_altar, first_bread
D:3:      marbit_many_paths, uniq_jessica
D:4:      nicolae_overflow_hidden_temple

Skill      XL: |  1  2  3 |
---------------+----------+-----
Axes           | 4 5 |  5.6
Fighting       | 4 |  4.7
Armour         | |  2.4
Dodging        | |  2.1

Action                   |  1- 3 |  4- 6 || total
-------------------------+-------+-------++-------
Melee: Hand axe          |    62 |    12 ||    74
       Headbutt          |     6 |     2 ||     8
Invok: Berserk           |     3 |     2 ||     5
  Use: Scroll            |       |     2 ||     2
  Eat: Chunk             |     4 |     2 ||     6
       Bread ration      |       |     1 ||     1
Armor: Animal skin       |    13 |       ||    13
Dodge: Dodged            |    48 |    13 ||    61
